 Dungeon Crawl Stone Soup version 0.31-a0-234-gad7ace16ef (webtiles) character file.

Game seed: 15385250299058162880

98 qw the Shooter (level 4, 0/26 HPs)
             Began as a Gargoyle Hexslinger on July 9, 2023.
             Slain by an orc wizard
             ... wielding a +0 dagger
              (3 damage)
             ... on level 3 of the Dungeon.
             The game lasted 00:00:47 (1705 turns).

qw the Shooter (Gargoyle Hexslinger)                Turns: 1705, Time: 00:00:48

Health: 0/26       AC:  7    Str: 11    XL:     4   Next: 71%
Magic:  5/5        EV: 11    Int: 14    God:
Gold:   87         SH:  0    Dex: 14    Spells: 4/5 levels left

rFire   . . .        Y - +1 sling
rCold   . . .        (no shield)
rNeg    + . .        g - +0 leather armour
rPois   inf          d - +0 helmet
rElec   +            (no cloak)
rCorr   .            (no gloves)
SInv    .            (no boots)
Will    .....        (no amulet)
Stlth   +            (no ring)
HPRegen 0.24/turn    (no ring)
MPRegen 0.09/turn

%: no passive effects
@: confused
A: sickness immunity, AC +3, negative energy resistance 1, electricity
resistance, torment resistance 1, petrification resistance
a: no special abilities


You were on level 3 of the Dungeon.
You visited 1 branch of the dungeon, and saw 3 of its levels.

You collected 87 gold pieces.


Innate Abilities, Weirdness & Mutations

You are immune to sickness and miasma.
Your stone body is resilient. (AC +3)
You are immune to poison.
You resist negative energy. (rN+)
You are resistant to electric shocks. (rElec)
You are resistant to unholy torment.
You are immune to petrification.


   Skills:
 - Level 2.0 Fighting
 + Level 4.4 Ranged Weapons
 - Level 1.5 Dodging
 - Level 1.0 Spellcasting
 - Level 2.6 Hexes


You had 4 spell levels left.
You knew the following spells:

 Your Spells              Type           Power      Damage    Failure   Level
a - Slow                  Hex            32%        N/A       12%         1

Your spell library contained the following spells:

 Spells                   Type           Power      Damage    Failure   Level
 Inner Flame              Hex/Fire       4%         N/A       52%         3
 Portal Projectile        Hex/Tloc       8%         N/A       52%         3
 Cause Fear               Hex            4%         N/A       75%         4

Inventory:

Hand Weapons
 Y - a +1 sling (weapon)
Armour
 d - a +0 helmet (worn)
 g - a +0 leather armour (worn)
Scrolls
 b - a scroll of fog {unknown}
 f - 2 scrolls of teleportation
Potions
 a - a potion of attraction {unknown}
 j - a potion of curing

Dungeon Overview and Level Annotations

Branches:
Dungeon (3/15)

Altars:
Elyvilon

Shops:
D:1 (


Message History

You shoot a sling bullet.
You hear some strange, mumbled words.
You are more confused.
You shoot a sling bullet.
You hear some strange, mumbled words.
Something tries to affect you, but you resist.
You shoot a sling bullet.
You hear some strange, mumbled words.
A magic dart appears from out of thin air!
The magic dart hits you.
You hear some strange, mumbled words.
You are more confused.
You shoot a sling bullet. Something hits you but does no damage.
You shoot a sling bullet. Something hits you.
You shoot a sling bullet. Something hits you but does no damage.
You shoot a sling bullet. Something hits you but does no damage.
You shoot a sling bullet.
You hear some strange, mumbled words.
You are more confused.
Something hits you.
You shoot a sling bullet.
You hear some strange, mumbled words.
A puff of flame appears from out of thin air!
The puff of flame misses you.
You shoot a sling bullet.
You hear some strange, mumbled words.
A puff of flame appears from out of thin air!
The puff of flame misses you.
You shoot a sling bullet. Something completely misses you.
You shoot a sling bullet.
You hear some strange, mumbled words.
Something tries to affect you, but you resist.
You shoot a sling bullet. Something hits you. x2
You die...

#.###.#
#.)... #..
#.#... #.##
#..... ..#
....... ###
..#.#..# .
###....#
... #.....
#...######
#.....
#....)@.##
..###
#}_..){..#
#.#.
#........#
######..
#..)#####.#
#.......
... #.....#
#.###### ..
#.....# #.#
# . ##....#
#.# #
#####....#
#.# #
#........#
#.#


There were no monsters in sight!

Vanquished Creatures
  4 adders
  A worm (D:2)
  2 dart slugs (D:2)
  5 orcs
  5 ball pythons
  3 endoplasms
  A giant cockroach (D:1)
  4 hobgoblins (D:1)
  A quokka (D:1)
  5 bats
  5 frilled lizards
  5 goblins
  7 kobolds
  3 rats
51 creatures vanquished.

Notes
Turn   | Place    | Note
-------+----------+-------------------------------------------
     0 | D:1      | qw the Gargoyle Hexslinger began the quest for the Orb.
     0 | D:1      | Reached XP level 1. HP: 12/12 MP: 2/2
     0 | D:1      | 0 ||| qw: Version: 0.3-a-51-g015441d
     0 | D:1      | 0 ||| qw: Game counter: 4204
     0 | D:1      | 0 ||| qw: Melee chars always use a shield: true
     0 | D:1      | 0 ||| qw: God list: Okawaru
     0 | D:1      | 0 ||| qw: Allow faded altars: false
     0 | D:1      | 0 ||| qw: Do Orc after clearing Dungeon:15 true
     0 | D:1      | 0 ||| qw: Do second Lair branch before Depths: true
     0 | D:1      | 0 ||| qw: Lair rune preference: random
     0 | D:1      | 0 ||| qw: Goals: Normal
     0 | D:1      | 0 ||| PLANNING D:1-11
    82 | D:1      | Reached XP level 2. HP: 13/16 MP: 3/3
   141 | D:1      | Reached skill level 3 in Ranged Weapons
   186 | D:1      | Found Byfin's Antique Weapon Boutique.
   422 | D:1      | Reached XP level 3. HP: 21/21 MP: 4/4
   708 | D:1      | 708 ||| UPGRADING to +0 helmet.
   713 | D:1      | 713 ||| UPGRADING to +0 leather armour.
   723 | D:1      | 723 ||| DROPPING +0 robe.
   724 | D:1      | 724 ||| READING scroll labelled GORGHO YQAEDEIS.
   725 | D:1      | 725 ||| READING 2 scrolls labelled DACEDA ZYOB.
   728 | D:1      | 728 ||| READING scroll labelled QERESEE PATODA.
   729 | D:1      | 729 ||| DRINKING 2 white potions.
   833 | D:1      | 833 ||| DROPPING scroll of poison.
   834 | D:1      | 834 ||| DROPPING potion of berserk rage.
  1106 | D:2      | 1106 ||| FLEEEEING.
  1330 | D:2      | Reached XP level 4. HP: 26/26 MP: 5/5
  1333 | D:2      | Reached skill level 4 in Ranged Weapons
  1408 | D:2      | 1408 ||| READING scroll labelled USIRAO VEAPN.
  1409 | D:2      | 1409 ||| DRINKING 2 puce potions.
  1429 | D:3      | 1429 ||| PLANNING SEWER
  1431 | D:3      | 1431 ||| STAIRDANCE
  1520 | D:3      | Found a white marble altar of Elyvilon.
  1664 | D:3      | Found a faded altar of an unknown god.
  1691 | D:3      | HP: 6/26 [something (4)]
  1697 | D:3      | HP: 4/26 [something (2)]
  1705 | D:3      | HP: 3/26 [something (2)]
  1705 | D:3      | Slain by an orc wizard

Levels and vault maps discovered:
D:1:      reono_arrival_forest_river, layout_basic, serial_shops, shop
D:2:      layout_loops_ring
D:3:      layout_loops_ring, mainiacjoe_overflow_six_doors_small,
          hellmonk_ecumenical_altar_crossroads, serial_shops, shop,
          portal_sewer_entry_b

Skill      XL: |  1  2  3  4 |
---------------+-------------+-----
Ranged Weapons | 3 4 |  4.4
Fighting       | 2 |  2.0
Dodging        | |  1.5
Spellcasting   | |  1.0
Hexes          | |  2.6

Action                     |  1- 3 |  4- 6 || total
---------------------------+-------+-------++-------
   Fire: Sling             |   123 |    77 ||   200
    Use: Scroll            |     3 |     1 ||     4
         Potion            |     1 |     1 ||     2
 Armour: Robe              |     9 |       ||     9
         Leather armour    |     5 |    29 ||    34
  Dodge: Dodged            |    29 |    30 ||    59

Table legend:
 A = Non-vault XP
 B = Vault XP
 C = Vault XP percentage of total XP
 D = Non-vault monster count
 E = Vault monster count
 F = Vault count percentage of total count
                 A         B        C        D         E       F
            +---------+---------+-------+---------+---------+-------
      Total |     141 |       0 |   0.0 |      51 |       0 |   0.0
            +---------+---------+-------+---------+---------+-------
        D:1 |      39 |       0 |   0.0 |      25 |       0 |   0.0
        D:2 |      57 |       0 |   0.0 |      15 |       0 |   0.0
        D:3 |      45 |       0 |   0.0 |      11 |       0 |   0.0
            +---------+---------+-------+---------+---------+-------
